AoeStats
← [KMNB] Bandeira

Arabia

508860542Analyzed
2v2 RM · 8d ago on Sep 24, 2026· 33m 10s· 4 players
Game mode
Random Map
Map size
Medium (4 player)
Population
200
Speed
Normal
Resources
Standard
Victory
Conquest
Starting age
Dark Age
Ending age
Imperial Age
RankedLock teamsTeams togetherTeam positionsShared explorationLock speedFull tech treeHidden civsTurbo modeCheats
Victory
Defeat
🇦🇷 Shu · Argentina
1880
+5
🇨🇳 Varangians · China
1869
+5
🇧🇷 Magyars · Brazil
1612
-6
🇧🇷 Britons · Brazil
1544
-4
Starsky
5:32 Loom
8:42 Feudal Age
9:19 Double-Bit Axe
14:21 Bloodlines
16:15 Scale Barding Armor
20:40 Wheelbarrow
20:12 Horse Collar
24:19 Castle Age
22:24 Gold Mining
23:14 Forging
24:21 Light Cavalry
25:22 Chain Barding Armor
25:03 Husbandry
26:24 Bow Saw
26:02 Town Watch
30:54 Hand Cart
qeozouwajqnl
5:46 Loom
8:44 Feudal Age
9:21 Double-Bit Axe
14:09 Fletching
17:03 Padded Archer Armor
22:02 Castle Age
22:03 Crossbowman
22:39 Bodkin Arrow
23:35 Thumb Ring
25:06 Ballistics
26:41 Horse Collar
26:52 Gold Mining
27:14 Bow Saw
33:13 Wheelbarrow
[KMNB] Dedão
6:12 Loom
9:13 Feudal Age
9:57 Double-Bit Axe
13:58 Fletching
16:30 Wheelbarrow
18:12 Padded Archer Armor
24:23 Castle Age
22:59 Gold Mining
23:57 Horse Collar
25:00 Bodkin Arrow
24:33 Crossbowman
27:43 Ballistics
28:03 Bow Saw
32:56 Leather Archer Armor
[KMNB] Bandeira
6:40 Loom
9:20 Feudal Age
10:08 Double-Bit Axe
11:51 Horse Collar
20:23 Scale Barding Armor
23:53 Castle Age
22:51 Gold Mining
23:13 Bloodlines
28:11 Husbandry
29:23 Chain Barding Armor
30:50 Fletching
Connection lost

Rejoining the realm…

Still unreachable

The connection could not be restored.

Session expired

The server has moved on; the page needs a fresh start.